 Dungeon Crawl Stone Soup version 0.25-a0-545-ge4db218afc (webtiles) character file.

Game seed: 15511572104024848511, levelgen mode: deterministic

283 Gargoyl the Skirmisher (level 6, -3/52 HPs)
             Began as a Centaur Abyssal Knight on Feb 21, 2020.
             Was a Priest of Lugonu.
             Slain by an ogre
             ... wielding a +0 giant spiked club
              (23 damage)
             ... on level 4 of the Dungeon.
             The game lasted 00:04:26 (4593 turns).

Gargoyl the Skirmisher (Centaur Abyssal Knight)     Turns: 4593, Time: 00:04:27

Health: -3/52      AC:  8    Str: 19    XL:     6   Next: 7%
Magic:  8/8        EV:  5    Int: 11    God:    Lugonu [***...]
Gold:   174        SH:  0    Dex: 10    Spells: 5/5 levels left

rFire    . . .     SeeInvis .   a - +2 hand axe
rCold    . . .     Gourm    .   (no shield)
rNeg     . . .     Faith    .   d - +0 chain mail
rPois    .         Spirit   .   (no helmet)
rElec    .         Reflect  .   (no cloak)
rCorr    .         Harm     .   (no gloves)
MR       .....                  (no barding)
Stlth    ..........             (no amulet)
HPRegen  0.17/turn              g - +4 ring of strength
MPRegen  0.11/turn              (no ring)

@: very quick
A: large, hooves 3, deformed body, speed 2, tough skin 3
a: Depart the Abyss, Bend Space, Banish, Renounce Religion


You were on level 4 of the Dungeon.
You worshipped Lugonu.
Lugonu was most pleased with you.
You were full.

You visited 1 branch of the dungeon, and saw 4 of its levels.
You visited the Abyss 1 time.

You collected 174 gold pieces.

Inventory:

Hand Weapons
 a - a +2 hand axe (weapon)
Armour
 d - a +0 chain mail (worn)
Jewellery
 g - a +4 ring of strength (left hand)
Scrolls
 b - a scroll of identify
 e - a scroll of amnesia {unknown}
 h - 2 scrolls of fear {unknown}
 i - a scroll of teleportation
 j - a scroll of noise {unknown}
 l - a scroll of magic mapping {unknown}
 m - a scroll of remove curse
 n - a scroll of fog {unknown}
Potions
 f - 2 potions of stabbing {unknown}
 k - 3 potions of brilliance
 o - a potion of experience {unknown}
 p - a potion of berserk rage {unknown}
 q - a potion of heal wounds {unknown}
 r - a potion of mutation {unknown}
Comestibles
 c - 4 rations


   Skills:
 + Level 4.0 Fighting
 + Level 3.0 Axes
 * Level 3.0 Armour
 * Level 1.6 Dodging
 * Level 3.1 Invocations


You had 5 spell levels left.
You didn't know any spells.
Your spell library was empty.

Dungeon Overview and Level Annotations

Branches:
Dungeon (4/15)
 Temple: D:4-7

Altars:


Innate Abilities, Weirdness & Mutations

You have hooves in place of feet.
Armour fits poorly on your strangely shaped body.
You cover ground very quickly.
You have extremely tough skin. (AC +3)


Message History

The ogre shouts!
There is an open door here.
There are monsters nearby!
There is an open door here.
There is an open door here.
The giant cockroach bites you.
The ogre hits you with a +0 giant spiked club!!
You slash the giant cockroach!
You kill the giant cockroach!
Lugonu accepts your kill.
You hit the ogre. You kick the ogre!
The ogre is moderately wounded.
The ogre hits you with a +0 giant spiked club!
You slash the ogre!
The ogre is severely wounded.
The ogre hits you but does no damage.
You barely miss the ogre. You kick the ogre.
The ogre is almost dead.
The ogre hits you with a +0 giant spiked club!!
You die...

##### ..#.#.# #...#
#.#.#.# ###########...#
#...#.# #.........#...#
##....# #.........#...#
..# #.........#...#
#.........#...#
#.........#...######...
#.........'...O@.......
#.........#...#######..
##...)...###### #
#.......# # #.......# #
#.......# # ###.......#
# .##.......# #
.##.......# #


You could see an ogre.

Vanquished Creatures
  A crimson imp (D:2)
  An orc priest (D:3)
  An orc wizard (D:3)
  8 adders
  An adder skeleton (D:4)
  2 worms (D:2)
  5 dart slugs
  5 leopard geckos
  8 orcs
  3 giant cockroaches
  13 goblins
  7 hobgoblins
  4 jackals (D:1)
  11 kobolds
  A quokka (D:3)
  2 ball pythons (D:1)
  9 bats
  6 frilled lizards
  10 rats
98 creatures vanquished.

Vanquished Creatures (others)
  5 starspawn tentacles (Abyss:3)
5 creatures vanquished.

Grand Total: 103 creatures vanquished

Notes
Turn   | Place    | Note
-------+----------+-------------------------------------------
     0 | Abyss:1  | Gargoyl the Centaur Abyssal Knight began the quest for the
                  | Orb.
     0 | Abyss:1  | Reached XP level 1. HP: 19/19 MP: 2/2
   118 | Abyss:1  | Noticed an iron imp
   141 | Abyss:2  | Noticed a smoke demon
   191 | Abyss:3  | Noticed a tentacled starspawn
   245 | Abyss:3  | Noticed a starcursed mass
   248 | D:1      | Escaped the Abyss
   427 | D:1      | Reached XP level 2. HP: 24/26 MP: 3/3
   434 | D:1      | Reached * piety under Lugonu
   735 | D:1      | Reached skill level 1 in Dodging
   808 | D:1      | Reached XP level 3. HP: 30/31 MP: 4/4
  1779 | D:2      | Reached XP level 4. HP: 39/39 MP: 5/5
  1797 | D:2      | Reached ** piety under Lugonu
  2076 | D:2      | Found a faded altar of an unknown god.
  2467 | D:2      | Reached XP level 5. HP: 46/46 MP: 7/7
  3335 | D:3      | Reached *** piety under Lugonu
  4367 | D:4      | Reached XP level 6. HP: 50/52 MP: 8/8
  4542 | D:4      | Reached skill level 4 in Fighting
  4593 | D:4      | Slain by an ogre

Levels and vault maps discovered:
D:1:      minmay_arrival_up_and_down, layout_loops_ring,
          hangedman_decor_slide_cut, minmay_misc_feat_room,
          nrook_mini_backslash, minmay_fountain_box
D:2:      layout_basic, chequers_ecumenical_altar_grove, first_ration,
          st_stairs_11
D:3:      layout_basic
D:4:      layout_basic, minmay_temple_entry_stoned_glass, uniq_natasha,
          uniq_edmund

Skill      XL: |  1  2  3  4  5  6 |
---------------+-------------------+-----
Axes           | 2 3 |  3.0
Dodging        | 1 |  1.6
Armour         | 2 3 |  3.0
Invocations    | 3 |  3.1
Fighting       | 4 |  4.0

Action                   |  1- 3 |  4- 6 || total
-------------------------+-------+-------++-------
Melee: Hand axe          |   117 |   181 ||   298
       Kick              |    16 |    28 ||    44
Invok: Depart the Abyss  |     1 |       ||     1
  Use: Scroll            |     2 |     3 ||     5
       Potion            |     1 |       ||     1
  Eat: Chunk             |       |     7 ||     7
       Ration            |       |     2 ||     2
Armor: Chain mail        |   113 |   125 ||   238
Dodge: Dodged            |    29 |    40 ||    69

Table legend:
 A = Non-vault XP
 B = Vault XP
 C = Vault XP percentage of total XP
 D = Non-vault monster count
 E = Vault monster count
 F = Vault count percentage of total count
                 A         B        C        D         E       F
            +---------+---------+-------+---------+---------+-------
      Total |     390 |      15 |   3.7 |      95 |       3 |   3.1
            +---------+---------+-------+---------+---------+-------
        D:1 |      55 |       0 |   0.0 |      31 |       0 |   0.0
        D:2 |     153 |      15 |   8.9 |      30 |       3 |   9.1
        D:3 |     125 |       0 |   0.0 |      26 |       0 |   0.0
        D:4 |      57 |       0 |   0.0 |       8 |       0 |   0.0
            +---------+---------+-------+---------+---------+-------
